 Dungeon Crawl Stone Soup version 0.28-a0-627-g4e9751bbfc (webtiles) character file.

Game seed: 4077622458997928359

564 fkmle the Vexing (level 7, -2/32 HPs)
             Began as a Spriggan Enchanter on Oct 8, 2021.
             Succumbed to a kobold brigand's curare-tipped dart
             ... on level 4 of the Dungeon.
             The game lasted 00:09:33 (4880 turns).

fkmle the Vexing (Spriggan Enchanter)               Turns: 4880, Time: 00:09:34

Health: -2/32      AC:  2    Str:  6    XL:     7   Next: 10%
Magic:  18/18      EV: 17    Int: 22    God:
Gold:   215        SH:  0    Dex: 16    Spells: 11/19 levels left

rFire   . . .      SeeInvis +   a - +1 dagger
rCold   . . .      Faith    .   (shield restricted)
rNeg    . . .      Spirit   .   b - +0 robe
rPois   .          Reflect  .   (helmet restricted)
rElec   .          Harm     .   (no cloak)
rCorr   .          Rampage  .   (gloves unavailable)
Will    +....                   (boots unavailable)
Stlth   +++.......              (no amulet)
HPRegen 0.10/turn               g - +6 ring of intelligence
MPRegen 0.16/turn               (no ring)

@: brilliant, lethally poisoned (-2 -> -18), flying, slowed, quick
A: very small, no large weapons, unfitting armour, see invisible, speed 3
a: no special abilities


You were on level 4 of the Dungeon.
You visited 1 branch of the dungeon, and saw 5 of its levels.

You collected 215 gold pieces.

Inventory:

Hand Weapons
 a - a +1 dagger (weapon)
Missiles
 i - a throwing net (quivered)
Armour
 b - a +0 robe (worn)
Jewellery
 g - a +6 ring of intelligence (left hand)
Scrolls
 e - a scroll of immolation
 j - a scroll of teleportation
 k - a scroll of noise {unknown}
Potions
 c - a potion of invisibility
 d - a potion of attraction


   Skills:
 - Level 1.1 Short Blades
 - Level 2.6 Dodging
 + Level 4.9 Stealth
 + Level 6.8 Spellcasting
 + Level 7.3 Hexes


You had 11 spell levels left.
You knew the following spells:

 Your Spells              Type           Power      Damage    Failure   Level
a - Ensorcelled Hibernat  Hex/Ice        70%        N/A       2%          2
b - Tukima's Dance        Hex            56%        N/A       1%          3
c - Dazzling Flash        Conj/Hex       70%        N/A       5%          3

Your spell library contained the following spells:

 Spells                   Type           Power      Damage    Failure   Level
 Confusing Touch          Hex            56%        N/A       1%          3
 Frozen Ramparts          Ice            22%        1d4       26%         3
 Ice Form                 Ice/Tmut       11%        N/A       63%         4
 Summon Ice Beast         Ice/Summ       11%        N/A       63%         4


Dungeon Overview and Level Annotations

Branches:
Dungeon (5/15)
 Temple: D:4-7

Altars:


Innate Abilities, Weirdness & Mutations

You are very small and have problems with some larger weapons.
You are too small for most types of armour.
You have supernaturally acute eyesight. (SInv)
You cover ground extremely quickly. (Speed+++)


Message History

The ufetubus completely misses you. The ufetubus barely misses you.
You hit the ufetubus but do no damage.
The ufetubus is severely wounded.
The ufetubus hits you. The ufetubus closely misses you.
The ufetubus misses you. The ufetubus closely misses you.
You are too injured to fight recklessly!
You are too injured to fight recklessly!
You are too injured to fight recklessly!
You are too injured to fight recklessly!
You are too injured to fight recklessly!
You are too injured to fight recklessly!
You hit the ufetubus.
The ufetubus is almost dead.
The ufetubus barely misses you. The ufetubus completely misses you.
The kobold brigand shouts!
You hit the ufetubus but do no damage.
The ufetubus is almost dead.
The ufetubus misses you. The ufetubus hits you.
The kobold brigand throws a curare-tipped dart.
The curare-tipped dart closely misses you.
You hit the ufetubus but do no damage.
The ufetubus is almost dead.
The ufetubus hits you. x2
* * * LOW HITPOINT WARNING * * *
The ufetubus misses you. x2
Unknown command.
It was a potion of flight.
You feel very buoyant.
You fly up into the air.
The ufetubus barely misses you. The ufetubus closely misses you.
The kobold brigand throws a curare-tipped dart.
The curare-tipped dart hits you.
You are lethally poisoned!
You have difficulty breathing.
* * * LOW HITPOINT WARNING * * *
You feel yourself slow down.
Unknown command.
It was a potion of brilliance.
You feel clever all of a sudden.
You die...

=.# ####..... ...####.#......
##../#....K..<. ................
.................. #
................## ###
#.........5......# #..
##............@....... W..
#........^............ ...
##......K............. ... ......
##............. ... ......#
#...<......... Y..
#...###............. ...
###.......#.#.............. ...
.##.......##..#.............##...
......>....#..................##.


You could see a kobold brigand, an ufetubus and a kobold (asleep).

Vanquished Creatures
  A sky beast (D:4)
  An ice beast (D:5)
  A scorpion (D:5)
  2 hounds
  14 gnolls
  6 adders
  2 white imps (D:5)
  2 worms
  2 orcs
  2 bats
  5 endoplasms
  A giant cockroach (D:3)
  5 goblins
  3 hobgoblins
  2 jackals (D:3)
  3 kobolds (D:3)
  4 quokkas
  3 ball pythons
  8 rats
67 creatures vanquished.

Notes
Turn   | Place    | Note
-------+----------+-------------------------------------------
     0 | D:1      | fkmle the Spriggan Enchanter began the quest for the Orb.
     0 | D:1      | Reached XP level 1. HP: 9/9 MP: 5/5
   360 | D:1      | Reached skill level 4 in Hexes
   360 | D:1      | Reached XP level 2. HP: 13/13 MP: 7/7
   363 | D:1      | Learned a level 2 spell: Ensorcelled Hibernation
   909 | D:2      | Found a faded altar of an unknown god.
   957 | D:2      | Reached XP level 3. HP: 16/16 MP: 3/9
   961 | D:2      | Learned a level 3 spell: Tukima's Dance
   965 | D:2      | Learned a level 3 spell: Dazzling Flash
  1328 | D:2      | You fall into a shaft and drop 1 floor!
  1924 | D:4      | Noticed a phantom
  1924 | D:4      | Noticed a sky beast
  1966 | D:4      | Reached skill level 5 in Hexes
  1966 | D:4      | Reached XP level 4. HP: 21/21 MP: 11/11
  1990 | D:4      | Noticed a kobold brigand
  2004 | D:5      | Entered Level 5 of the Dungeon
  2331 | D:5      | Noticed an ice beast
  2338 | D:5      | Killed an ice beast
  2339 | D:5      | Reached skill level 5 in Spellcasting
  2339 | D:5      | Reached XP level 5. HP: 24/24 MP: 8/13
  2393 | D:5      | Reached skill level 6 in Hexes
  2501 | D:5      | Reached XP level 6. HP: 25/28 MP: 11/15
  3959 | D:3      | Reached skill level 7 in Hexes
  4690 | D:4      | Killed a sky beast
  4691 | D:4      | Reached XP level 7. HP: 17/32 MP: 11/18
  4880 | D:4      | Succumbed to a kobold brigand's curare-tipped dart

Illustrated notes

Levels and vault maps discovered:
D:1:      sevenhm_arrival_forest_fort_large_2, layout_loops_ring
D:2:      layout_basic, hellmonk_ecumenical_altar_blasted
D:3:      layout_basic
D:4:      layout_cave_pools
D:5:      layout_basic, minmay_temple_entry_poolview

Skill      XL: |  1  2  3  4  5  6 |
---------------+-------------------+-----
Spellcasting   | 3 4 5 6 |  6.8
Hexes          | 4 5 6 7 |  7.3
Short Blades   | |  1.1
Dodging        | |  2.6
Stealth        | |  4.9

Action                   |  1- 3 |  4- 6 |  7- 9 || total
-------------------------+-------+-------+-------++-------
Melee: Dagger            |    56 |   131 |    10 ||   197
 Cast: Ensorcelled Hiber |    10 |    46 |     1 ||    57
       Dazzling Flash    |       |     3 |       ||     3
  Use: Scroll            |     7 |     1 |       ||     8
       Potion            |       |       |     2 ||     2
 Stab: Sleeping          |    16 |    26 |     1 ||    43
       Invisible         |       |     4 |       ||     4
       Distracted        |       |     1 |       ||     1
Armor: Robe              |     4 |     9 |       ||    13
Dodge: Dodged            |    33 |    97 |    22 ||   152

Table legend: (Time is in decaauts)
 A = Elapsed time spent in this place.
 B = Non-inter-level travel time spent in this place.
 C = Inter-level travel time spent in this place.
 D = Time resting spent in this place.
 E = Time spent auto-exploring this place.
 F = Levels seen in this place.
 G = Mean time per level.
                   A        B        C        D        E       F      G
               +--------+--------+--------+--------+--------+-----+--------+
         Total |   4020 |   3983 |     37 |   1260 |   2084 |   5 |  804.0 |
       Dungeon |   4020 |   3983 |     37 |   1260 |   2084 |   5 |  804.0 |
               +--------+--------+--------+--------+--------+-----+--------+

Top non-repeatable levels by time:
     D:3: 1468 daAuts
     D:4: 1069 daAuts
     D:1: 574 daAuts
     D:5: 543 daAuts
     D:2: 364 daAuts
